 Dungeon Crawl Stone Soup version 0.29-a0-284-gf9362112df (webtiles) character file.

Game seed: 1909618353402583047

129 spaghetti the Sneak (level 4, -1/35 HPs)
             Began as a Demonspawn Delver on Mar 25, 2022.
             Was a Follower of Uskayaw.
             Slain by an orc wizard
             ... wielding a +0 dagger of pain
              (2 damage)
             ... on level 7 of the Dungeon.
             The game lasted 00:01:44 (767 turns).

spaghetti the Sneak (Demonspawn Delver)              Turns: 767, Time: 00:01:45

Health: -1/35      AC:  3    Str: 13    XL:     4   Next: 88%
Magic:  1/4        EV: 14    Int: 11    God:    Uskayaw [*.....]
Gold:   0          SH:  0    Dex: 16    Spells: 3/3 levels left

rFire   . . .      SeeInvis .   a - +0 short sword {short}
rCold   . . .      Faith    .   (no shield)
rNeg    . . .      Spirit   .   b - +0 leather armour
rPois   .          Reflect  .   (no helmet)
rElec   .          Harm     .   (no cloak)
rCorr   .          Rampage  .   (no gloves)
Will    .....                   (no boots)
Stlth   +.........              (no amulet)
HPRegen 0.11/turn               (no ring)
MPRegen 0.09/turn               (no ring)

@: confused
A: repulsion field 1, demonic guardian 1, powered by death 1
a: Renounce Religion, Stomp


You were on level 7 of the Dungeon.
You worshipped Uskayaw.
Uskayaw was noncommittal.
You visited 2 branches of the dungeon, and saw 4 of its levels.


Innate Abilities, Weirdness & Mutations

You are surrounded by a mild repulsion field. (EV +2)
A weak demonic guardian rushes to your aid.
You regenerate a little health from kills.


   Skills:
 - Level 3.0 Fighting
 - Level 1.7 Short Blades
 - Level 1.7 Dodging
 + Level 6.6 Stealth


You had 3 spell levels left.
You didn't know any spells.
Your spell library was empty.

Inventory:

Hand Weapons
 a - a +0 short sword (weapon) {short}
Armour
 b - a +0 leather armour (worn)
Wands
 g - a wand of digging (3)
Scrolls
 c - a scroll of fog
 d - a scroll of magic mapping {!r}

Dungeon Overview and Level Annotations

Branches:
Dungeon (7/15)             Temple (1/1) D:7

Altars:
Ashenzari
Cheibriados
Dithmenos
Elyvilon
Fedhas
Gozag
Hepliaklqana
Makhleb
Nemelex Xobeh
Okawaru
Qazlal
Ru
Sif Muna
Trog
Uskayaw
Vehumet
Wu Jian
Xom
Yredelemnul
Zin
The Shining One

.# .# .. .# .#
#.##### .#
#...<.#####.## #
#####.##.P...#.##.
#......@5......
#..##.Po{.#.###
#.?#..))....#
#..........##
#.#####.#### #.
#.# #$ ..# ## ###


You could see an orc priest (ally target) and a friendly quasit (summoned).


Message History

You can now stomp with the beat.
You barely miss the orc.
The orc hits you with a +2 short sword of protection.
An orc priest comes into view. It is wielding a +0 short sword.
The orc wizard mumbles some strange words.
The orc wizard flickers and vanishes!
Deactivating autopickup; reactivate with Ctrl-A. 😕 HP[-5]
You take 5 damage, and now have 29/35 hp.
You barely miss the orc. You closely miss the orc.
The orc hits you with a +2 short sword of protection. 😕 HP[-1]
You take 1 damage, and now have 28/35 hp.
The orc priest shouts!
You hit the orc but do no damage. You hit the orc. The orc closely misses you.
The orc priest calls upon Beogh to heal the orc.
The orc's wounds heal themselves!
You hit the orc but do no damage.
The orc hits you with a +2 short sword of protection.
You hear some strange, mumbled words.
A magic dart appears from out of thin air!
The magic dart hits you. 😮 HP[-7]
You take 7 damage, and now have 21/35 hp.
You hit the orc. The orc barely misses you.
The orc priest looks encouraged for a moment.
Something hits you.
* * * LOW HITPOINT WARNING * * *
😨 HP[-4]
You take 4 damage, and now have 17/35 hp.
Unknown command.
You stomp with the beat, sending a shockwave through the revellers around you!
You kill the orc!
You can no longer stomp with the beat.
Something hits you but does no damage.
You can now stomp with the beat. 😨 MP[-3]
You lost 3 mp, and now have 1/4 mp.
You aren't carrying any potions.
You don't have enough magic at the moment.
You aren't carrying any potions.
Okay, then.
Okay, then.
You closely miss the orc priest. The orc priest closely misses you.
Something hits you.
* * * LOW HITPOINT WARNING * * *
😨 HP[-2]
You take 2 damage, and now have 15/35 hp.
Unknown command.
You hit the orc priest but do no damage.
The orc priest misses you. Something hits you.
* * * LOW HITPOINT WARNING * * *
You writhe in agony.
* * * LOW HITPOINT WARNING * * *
😨 HP[-3]
You take 3 damage, and now have 12/35 hp.
You hit the orc priest but do no damage.
The orc priest looks braver for a moment.
You hear some strange, mumbled words.
You are confused.
Unknown command.
Unknown command.
You aren't carrying any potions.
You are too confused!
Unknown command.
You hit the orc priest.
The orc priest hits you with a +0 short sword.
* * * LOW HITPOINT WARNING * * *
Something hits you but does no damage. 😱 HP[-4]
You take 4 damage, and now have 8/35 hp.
The orc priest looks encouraged for a moment.
A magic dart appears from out of thin air!
The magic dart hits you.
* * * LOW HITPOINT WARNING * * *
A demonic guardian appears! 😱 HP[-5]
You take 5 damage, and now have 3/35 hp.
Unknown command.
You aren't carrying any potions.
You are too confused!
Unknown command.
You hear some strange, mumbled words.
Something tries to affect you, but you resist.
The orc priest miscasts a cantrip.
Something hits you.
* * * LOW HITPOINT WARNING * * *
😱 HP[-1]
You take 1 damage, and now have 2/35 hp.
Unknown command.
You barely miss something.
Your quasit closely misses the orc priest.
Your quasit claws the orc priest but does no damage.
Your quasit barely misses the orc priest.
The orc priest hits you with a +0 short sword.
* * * LOW HITPOINT WARNING * * *
Something hits you.
You die...

Skill      XL: |  1  2  3 |
---------------+----------+-----
Stealth        | 5 6 |  6.6
Fighting       | |  3.0
Short Blades   | |  1.7
Dodging        | |  1.7

Action                   |  1- 3 |  4- 6 || total
-------------------------+-------+-------++-------
Melee: Short sword       |    18 |    39 ||    57
       Punch             |       |     1 ||     1
Invok: Stomp             |       |     1 ||     1
  Use: Scroll            |     1 |       ||     1
       Potion            |     1 |       ||     1
 Stab: Sleeping          |     2 |       ||     2
       Fleeing           |     1 |       ||     1
Armor: Leather armour    |     2 |     4 ||     6
Dodge: Dodged            |     5 |    27 ||    32

Levels and vault maps discovered:
D:5:      layout_loops_ring
D:6:      cheibrodos_steamvent, layout_basic, minmay_misc_feat_room
D:7:      layout_loops_cross, minmay_temple_entry_overgrown,
          kennysheep_generic_room_13, uniq_maggie, uniq_pikel
Temple:   mainiacjoe_temple_hex_bubbles

Notes
Turn   | Place    | Note
-------+----------+-------------------------------------------
     0 | D:5      | spaghetti the Demonspawn Delver began the quest for the
                  | Orb.
     0 | D:5      | Reached XP level 1. HP: 18/18 MP: 1/1
     0 | D:5      | magus.rc [v1.9.6]
    11 | D:5      | Noticed a hound
    16 | D:5      | Noticed a sky beast
    18 | D:5      | Killed a hound
    19 | D:5      | Reached skill level 5 in Stealth
    19 | D:5      | Gained mutation: You are surrounded by a mild repulsion
                  | field. (EV +2) [demonic ancestry]
    19 | D:5      | Reached XP level 2. HP: 24/24 MP: 2/2
    19 | D:5      | Gained mutation: You regenerate a little health from kills.
                  | [demonic ancestry]
    19 | D:5      | Reached XP level 3. HP: 29/29 MP: 3/3
   135 | D:5      | HP: 2/29 [something (6)]
   147 | D:5      | Killed a sky beast
   148 | D:5      | Reached skill level 6 in Stealth
   148 | D:5      | Gained mutation: A weak demonic guardian rushes to your
                  | aid. [demonic ancestry]
   148 | D:5      | Reached XP level 4. HP: 3/35 MP: 4/4
   517 | D:7      | Found a staircase to the Ecumenical Temple.
   524 | Temple   | Entered the Ecumenical Temple
   721 | Temple   | Became a worshipper of Uskayaw the Reveller
   751 | D:7      | Reached * piety under Uskayaw
   763 | D:7      | HP: 8/35 [orc priest/+0 short sword (4)]
   764 | D:7      | HP: 3/35 [something/magic dart (5)]
   767 | D:7      | HP: 1/35 [orc priest/+0 short sword (1)]
   767 | D:7      | Slain by an orc wizard

Vanquished Creatures
  A sky beast (D:5)
  A hound (D:5)
  2 orcs (D:7)
4 creatures vanquished.

Vanquished Creatures (collateral kills)
  A quokka (D:5)
1 creature vanquished.

Grand Total: 5 creatures vanquished

Table legend:
 A = Non-vault XP
 B = Vault XP
 C = Vault XP percentage of total XP
 D = Non-vault monster count
 E = Vault monster count
 F = Vault count percentage of total count
                 A         B        C        D         E       F
            +---------+---------+-------+---------+---------+-------
      Total |     185 |       0 |   0.0 |       5 |       0 |   0.0
            +---------+---------+-------+---------+---------+-------
        D:5 |     179 |       0 |   0.0 |       3 |       0 |   0.0
        D:7 |       6 |       0 |   0.0 |       2 |       0 |   0.0
            +---------+---------+-------+---------+---------+-------

Illustrated notes

Table legend:
 A = Kills in this place as a percentage of kills in entire the game.
 B = Kills by you in this place as a percentage of kills by you in the entire game.
 C = Kills by friends in this place as a percentage of kills by friends in the entire game.
 D = Other kills in this place as a percentage of other kills in the entire game.
 E = Experience gained in this place as a percentage of experience gained in the entire game.
 F = Experience gained in this place divided by the number of levels of this place that you have seen.
                   A       B       C       D       E      F
               +-------+-------+-------+-------+-------+----------------------
         Total | 100.0 | 100.0 | 100.0 |   N/A | 100.0 |  46.2
       Dungeon | 100.0 | 100.0 | 100.0 |   N/A | 100.0 |  61.7
               +-------+-------+-------+-------+-------+----------------------

Table legend: (Time is in decaauts)
 A = Elapsed time spent in this place.
 B = Non-inter-level travel time spent in this place.
 C = Inter-level travel time spent in this place.
 D = Time resting spent in this place.
 E = Time spent auto-exploring this place.
 F = Levels seen in this place.
 G = Mean time per level.
                   A        B        C        D        E       F      G
               +--------+--------+--------+--------+--------+-----+--------+
         Total |    751 |    713 |     38 |    419 |    186 |   4 |  187.8 |
       Dungeon |    532 |    515 |     17 |    419 |     12 |   3 |  177.3 |
        Temple |    218 |    197 |     21 |      0 |    174 |   1 |  218.0 |
               +--------+--------+--------+--------+--------+-----+--------+

Top non-repeatable levels by time:
     D:5: 406 daAuts
  Temple: 218 daAuts
     D:6: 92 daAuts
     D:7: 33 daAuts
